 Dungeon Crawl Stone Soup version 0.27.1-3-gb3d3a73c9e (webtiles) character file.

Game seed: 12098452467047133376

44 H0rd4k the Charlatan (level 3, 0/26 HPs)
             Began as a Human Artificer on Oct 12, 2021.
             Succumbed to an adder's poison
             ... on level 2 of the Dungeon.
             The game lasted 00:01:11 (1746 turns).

H0rd4k the Charlatan (Human Artificer)              Turns: 1746, Time: 00:01:12

Health: 0/26       AC:  3    Str: 13    XL:     3   Next: 87%
Magic:  3/3        EV: 11    Int: 11    God:
Gold:   48         SH:  0    Dex: 13    Spells: 2/2 levels left

rFire    . . .     SeeInvis .   h - +0 short sword
rCold    . . .     Faith    .   (no shield)
rNeg     . . .     Spirit   .   b - +0 leather armour
rPois    .         Reflect  .   (no helmet)
rElec    .         Harm     .   (no cloak)
rCorr    .         Rampage  .   (no gloves)
Will     .....                  (no boots)
Stlth    +.........             g - amulet of the acrobat
HPRegen  0.08/turn              (no ring)
MPRegen  0.08/turn              (no ring)

@: brilliant, lethally poisoned (0 -> -3), attractive, flying
A: no striking features
a: no special abilities


You were on level 2 of the Dungeon.
You visited 1 branch of the dungeon, and saw 2 of its levels.

You collected 48 gold pieces.

Inventory:

Hand Weapons
 h - a +0 short sword (weapon)
Armour
 b - a +0 leather armour (worn)
Jewellery
 g - an amulet of the acrobat (around neck)
 k - a ring of magical power
Wands
 c - a wand of flame (9) (quivered)
 d - a wand of charming (15)
Scrolls
 f - a scroll of fog {unknown}
 i - a scroll of amnesia {unknown}
 n - a scroll of blinking {unknown}
 o - a scroll of noise {unknown}
Miscellaneous
 e - a piece from Xom's chessboard (15/15)


   Skills:
 + Level 1.0 Fighting
 + Level 0.6 Short Blades
 - Level 2.0 Armour
 + Level 1.4 Dodging
 - Level 1.0 Stealth
 + Level 4.2 Evocations


You had 2 spell levels left.
You didn't know any spells.
Your spell library was empty.

Dungeon Overview and Level Annotations

Branches:
Dungeon (2/15)

Altars:


Message History

Press: ? - help, Shift-Dir - straight line, f/p - adder
Aim: an adder (moderately wounded, 53% to hit)
The puff of flame misses the adder.
You feel sick. The adder bites you.
You are more poisoned.
The adder poisons you! The adder bites you.
Aiming: Throw Flame
Press: ? - help, Shift-Dir - straight line, f/p - adder
Aim: an adder (moderately wounded, 53% to hit)
The puff of flame hits the adder.
The adder is severely wounded.
* * * LOW HITPOINT WARNING * * *
You feel sick. The adder closely misses you.
Aiming: Throw Flame
Press: ? - help, Shift-Dir - straight line, f/p - adder
Aim: an adder (severely wounded, 53% to hit)
The puff of flame misses the adder.
* * * LOW HITPOINT WARNING * * *
You feel sick. The adder closely misses you.
Aiming: Throw Flame
Press: ? - help, Shift-Dir - straight line, f/p - adder
Aim: an adder (severely wounded, 53% to hit)
The puff of flame hits the adder!
You kill the adder!
* * * LOW HITPOINT WARNING * * *
You feel sick.
It was a potion of attraction.
You feel attractive to monsters.
* * * LOW HITPOINT WARNING * * *
You feel sick.
It was a potion of flight.
You feel very buoyant.
You fly up into the air.
* * * LOW HITPOINT WARNING * * *
You feel sick.
It was a potion of magic.
Magic courses through your body.
* * * LOW HITPOINT WARNING * * *
You feel sick.
It was a potion of brilliance.
You feel clever all of a sudden.
You die...

######.######รท##.#
#.# #.#
..............##.#
#.#####.#
.#####........##.#
#.......# .#
#.#####..##.#
######### .# #.#
#..##.# .# #.#
#..##.# .# #.#
#..##.# .# #.#
#..##.# .# #.#
#...#@### .#####.#
#......# .......#
#..#.#.#####
########
#........... #...#
##.#.#.##### #.#.#
#.....# ####.#.####
#.#.###
#....#....####.#.#
#.#######......#..


There were no monsters in sight!

Vanquished Creatures
  2 adders (D:2)
  A dart slug (D:2)
  A ball python (D:1)
  4 giant cockroaches
  2 hobgoblins
  5 kobolds
  2 quokkas
  A bat (D:1)
  A frilled lizard (D:1)
  A goblin (D:1)
  2 rats (D:1)
22 creatures vanquished.

Notes
Turn   | Place    | Note
-------+----------+-------------------------------------------
     0 | D:1      | H0rd4k the Human Artificer began the quest for the Orb.
     0 | D:1      | Reached XP level 1. HP: 15/15 MP: 1/1
    77 | D:1      | Found a faded altar of an unknown god.
   128 | D:1      | Reached XP level 2. HP: 12/21 MP: 2/2
  1001 | D:2      | Reached XP level 3. HP: 19/26 MP: 3/3
  1210 | D:2      | Reached skill level 4 in Evocations
  1745 | D:2      | HP: 1/26 [poisoned by an adder]
  1746 | D:2      | Succumbed to an adder's poison

Illustrated notes

Levels and vault maps discovered:
D:1:      evilmike_arrival_crescent, layout_basic,
          chequers_ecumenical_altar_island
D:2:      layout_loops_ring

Skill      XL: |  1  2  3 |
---------------+----------+-----
Evocations     | 4 |  4.2
Fighting       | |  1.0
Short Blades   | |  0.6
Armour         | |  2.0
Dodging        | |  1.4
Stealth        | |  1.0

Action                   || total
-------------------------++-------
Melee: Club              ||    18
       Short sword       ||    62
Evoke: Wand              ||     6
  Use: Potion            ||     4
 Stab: Sleeping          ||     3
Armor: Leather armour    ||    25
Dodge: Dodged            ||    50
